 Dungeon Crawl Stone Soup version 0.30-a0-760-g5a9884bb7c (webtiles) character file.

Game seed: 8099669489421986812

1312 kingofthe the Sneak (level 8, -2/46 HPs)
             Began as an Octopode Conjurer on Feb 11, 2023.
             Slain by an unseen horror (10 damage)
             ... on level 5 of the Dungeon.
             The game lasted 00:15:08 (6723 turns).

kingofthe the Sneak (Octopode Conjurer)             Turns: 6723, Time: 00:15:09

Health: -2/46      AC:  5    Str:  6    XL:     8   Next: 58%
Magic:  2/14       EV: 14    Int: 20    God:
Gold:   226        SH:  3    Dex: 13    Spells: 8/15 levels left

rFire   . . .      SeeInvis .    k - +3 dagger
rCold   . . .      Faith    .    t - +0 buckler
rNeg    . . .      Spirit   .    (helmet restricted)
rPois   .          Reflect  .    (no amulet)
rElec   .          Harm     .    n - +4 ring of protection
rCorr   .          Rampage  .    (no ring)
Will    .....                    (no ring)
Stlth   ++++                     (no ring)
HPRegen 0.27/turn                (no ring)
MPRegen 0.14/turn                (no ring)
                                 (no ring)
                                 (no ring)

@: no status effects
A: almost no armour, amphibious, 8 rings, camouflage 1, gelatinous body 1,
(nimble swimmer 1), tentacles
a: no special abilities


You were on level 5 of the Dungeon.
You visited 1 branch of the dungeon, and saw 5 of its levels.

You collected 226 gold pieces.

Inventory:

Hand Weapons
 b - a +0 dagger of freezing
 k - a +3 dagger (weapon)
 v - a +0 dagger of freezing
Armour
 t - a +0 buckler (worn)
Jewellery
 n - a +4 ring of protection (left tentacle)
Scrolls
 e - a scroll of amnesia {unknown}
 g - 5 scrolls of identify {unknown}
 h - a scroll of silence {unknown}
 j - 2 scrolls of teleportation {unknown}
 m - 2 scrolls of enchant armour {unknown}
 p - a scroll of fog {unknown}
 u - a scroll of brand weapon {unknown}
 w - a scroll of acquirement {unknown}
Potions
 a - 2 potions of magic
 c - 2 potions of berserk rage {unknown}
 d - 2 potions of cancellation {unknown}
 f - a potion of lignification {unknown}
 i - 2 potions of ambrosia {unknown}
 l - a potion of degeneration {unknown}
 o - 2 potions of resistance {unknown}
 q - a potion of invisibility {unknown}
 r - a potion of curing {unknown}
 s - a potion of heal wounds {unknown}
 x - a potion of mutation {unknown}


   Skills:
 * Level 5.8 Dodging
 + Level 6.9 Stealth
 + Level 4.4 Spellcasting
 + Level 6.0 Conjurations
 + Level 3.1 Hexes


You had 8 spell levels left.
You knew the following spells:

 Your Spells              Type           Power      Damage    Failure   Level
a - Magic Dart            Conj           100%       1d8       1%          1
b - Searing Ray           Conj           56%        2d6       1%          2
c - Dazzling Flash        Conj/Hex       44%        N/A       8%          3
d - Apportation           Tloc           8%         N/A       17%         1

Your spell library contained the following spells:

 Spells                   Type           Power      Damage    Failure   Level
 Necrotise                Necr           16%        1d4       17%         1
 Summon Small Mammal      Summ           16%        N/A       17%         1
 Inner Flame              Hex/Fire       10%        N/A       26%         3
 Fulminant Prism          Conj/Hex       11%        3d8       26%         4
 Flame Wave               Conj/Fire      16%        2d7       43%         4
 Iskenderun's Mystic Bla  Conj/Tloc      16%        2d5       43%         4
 Sticky Flame             Conj/Fire      16%        2d4       43%         4


Dungeon Overview and Level Annotations

Branches:
Dungeon (5/15)
 Temple: D:4-7

Altars:
Uskayaw


Innate Abilities, Weirdness & Mutations

You cannot wear most types of armour.
You are amphibious.
You can wear up to eight rings at the same time.
Your skin changes colour to match your surroundings (Stealth+).
Your rubbery body absorbs attacks. (AC +1, EV +1)
((You are camouflaged when in or above water. (Stealth+)))
You have tentacles for arms and can constrict up to eight enemies at once.


Message History

(Press . to maintain the ray.)
Something hits you. Something hits you but does no damage.
You finish channelling your searing ray.
Something closely misses you.
Casting: Searing Ray (safe; 1% risk of failure)
Confirm with . or Enter, or press ? or * to list all spells.
Aiming: Searing Ray (safe; 1% risk of failure)
Press: ? - help, Shift-Dir - straight line The searing ray hits something. (Press . to maintain the ray.)
Something hits you but does no damage.
The searing ray hits something.
Something hits you!
The searing ray hits something but does no damage.
You finish channelling your searing ray.
Something hits you but does no damage.
Casting: Searing Ray (safe; 1% risk of failure)
Confirm with . or Enter, or press ? or * to list all spells.
Aiming: Searing Ray (safe; 1% risk of failure)
Press: ? - help, Shift-Dir - straight line The searing ray hits something. (Press . to maintain the ray.)
Something barely misses you.
The searing ray hits something!
Something hits you!
The searing ray hits something.
You block something's attack.
The searing ray hits something.
You finish channelling your searing ray.
Something hits you but does no damage. Something barely misses you.
Something hits you. Something hits you. Something hits you.
* * * LOW HITPOINT WARNING * * *
You barely miss something. Something completely misses you.
You block something's attack. Something hits you but does no damage.
You miss something. Something hits you.
* * * LOW HITPOINT WARNING * * *
Something hits you!
You die...

#####.##.###.#
##............#
#.####....#####
#.# ##.### #.#
##..# #.###..##
#.##..## #.#..##
.#####@..##
.....#..##
##....##
#..#...########
##....#.........
......_..#######.
###....#.#####
#..#.......#
.......####.###


There were no monsters in sight!

Vanquished Creatures
  Pikel (D:4)
  Duvessa (D:4)
  An ogre (D:2)
  4 lemures
  A centaur (D:4)
  2 scorpions (D:4)
  Dowan (D:4)
  4 hounds
  An orc priest (D:3)
  2 iguanas (D:4)
  An orc wizard (D:3)
  Natasha (thrice) (D:2)
  Robin (D:2)
  5 adders
  An ufetubus (D:4)
  3 worms
  4 dart slugs
  4 orcs
  2 endoplasms
  3 giant cockroaches
  14 goblins
  5 hobgoblins
  2 jackals (D:4)
  6 quokkas
  3 ball pythons
  3 bats
  3 frilled lizards
  8 kobolds
  3 rats
92 creatures vanquished.

Notes
Turn   | Place    | Note
-------+----------+-------------------------------------------
     0 | D:1      | kingofthe the Octopode Conjurer began the quest for the
                  | Orb.
     0 | D:1      | Reached XP level 1. HP: 11/11 MP: 3/3
   199 | D:1      | Reached XP level 2. HP: 17/17 MP: 0/5
   202 | D:1      | Learned a level 2 spell: Searing Ray
   967 | D:2      | Reached XP level 3. HP: 21/21 MP: 1/6
  1124 | D:2      | Noticed Natasha
  1132 | D:2      | Killed Natasha
  1133 | D:2      | Reached XP level 4. HP: 27/27 MP: 0/7
  1228 | D:2      | Noticed Natasha
  1234 | D:2      | Killed Natasha
  1239 | D:2      | Noticed Natasha
  1253 | D:2      | Killed Natasha
  1254 | D:2      | Reached XP level 5. HP: 4/31 MP: 1/9
  1378 | D:2      | Noticed an ogre
  1412 | D:2      | Killed an ogre
  1580 | D:2      | Noticed Robin
  1593 | D:2      | Killed Robin
  1824 | D:2      | Reached XP level 6. HP: 36/36 MP: 6/10
  2220 | D:3      | Reached skill level 5 in Conjurations
  2375 | D:3      | Reached skill level 5 in Stealth
  2593 | D:3      | Learned a level 3 spell: Dazzling Flash
  3543 | D:4      | Noticed Duvessa
  3543 | D:4      | Noticed Dowan
  3572 | D:4      | Reached skill level 1 in Hexes
  3638 | D:4      | Reached XP level 7. HP: 41/41 MP: 6/12
  4104 | D:4      | Found a hide-covered altar of Uskayaw.
  4735 | D:4      | Noticed Pikel
  4933 | D:4      | Killed Pikel
  4934 | D:4      | Reached skill level 5 in Dodging
  4934 | D:4      | Reached XP level 8. HP: 39/46 MP: 1/14
  5042 | D:4      | Learned a level 1 spell: Apportation
  5733 | D:4      | Found a hide-covered altar of Uskayaw.
  5978 | D:4      | Killed Dowan
  5980 | D:4      | Killed Duvessa
  6516 | D:5      | Entered Level 5 of the Dungeon
  6633 | D:5      | Found a hide-covered altar of Uskayaw.
  6723 | D:5      | Slain by an unseen horror

Illustrated notes

Levels and vault maps discovered:
D:1:      amcnicky_arrival_wind_blow, layout_basic
D:2:      layout_basic, amcnicky_mini_pool_small, uniq_natasha, uniq_robin
D:3:      layout_basic
D:4:      kennysheep_big_flooded_room, layout_basic,
          mainiacjoe_overflow_tiny_flanked, enter_ossuary_2,
          kennysheep_flooded_box, uniq_duvessa, uniq_pikel
D:5:      layout_basic, mainiacjoe_overflow_alcove_4, hangedman_feature_mirror,
          chequers_serial_rivers_large_a

Skill      XL: |  1  2  3  4  5  6  7  8 |
---------------+-------------------------+-----
Stealth        | 3 4 5 6 |  6.9
Dodging        | 3 4 5 |  5.8
Spellcasting   | 3 4 |  4.4
Conjurations   | 5 6 |  6.0
Hexes          | 1 2 3 |  3.1

Action                     |  1- 3 |  4- 6 |  7- 9 || total
---------------------------+-------+-------+-------++-------
  Melee: Unarmed           |     6 |       |       ||     6
         Dagger            |     3 |    16 |    16 ||    35
         Constrict         |     2 |     2 |     2 ||     6
         Tentacles         |     1 |     2 |     5 ||     8
   Cast: Magic Dart        |    53 |    78 |    32 ||   163
         Searing Ray       |     1 |    14 |    31 ||    46
 Armour: Skin              |       |     8 |    17 ||    25
  Dodge: Dodged            |     5 |    21 |    58 ||    84
  Block: Buckler           |       |       |    13 ||    13

Table legend: (Time is in decaauts)
 A = Elapsed time spent in this place.
 B = Non-inter-level travel time spent in this place.
 C = Inter-level travel time spent in this place.
 D = Time resting spent in this place.
 E = Time spent auto-exploring this place.
 F = Levels seen in this place.
 G = Mean time per level.
                   A        B        C        D        E       F      G
               +--------+--------+--------+--------+--------+-----+--------+
         Total |   6733 |   6395 |    338 |   1339 |   4206 |   5 | 1346.6 |
       Dungeon |   6733 |   6395 |    338 |   1339 |   4206 |   5 | 1346.6 |
               +--------+--------+--------+--------+--------+-----+--------+

Top non-repeatable levels by time:
     D:4: 3246 daAuts
     D:2: 1304 daAuts
     D:3: 1186 daAuts
     D:1: 896 daAuts
     D:5: 100 daAuts
